 Dungeon Crawl Stone Soup version 0.25.0-9-g26727b657a (webtiles) character file.

Game seed: 6393476082587969298

396 vurker the Chiller (level 6, -2/41 HPs)
             Began as an Octopode Ice Elementalist on June 16, 2020.
             Slain by a phantom (9 damage)
             ... on level 4 of the Dungeon.
             The game lasted 00:05:58 (4342 turns).

vurker the Chiller (Octopode Ice Elementalist)      Turns: 4342, Time: 00:05:58

Health: -2/41      AC:  1    Str:  7    XL:     6   Next: 82%
Magic:  0/12       EV: 13    Int: 19    God:
Gold:   99         SH:  0    Dex:  9    Spells: 1/13 levels left

rFire    . . .     SeeInvis .   b - +1 dagger
rCold    . . .     Gourm    .   (no shield)
rNeg     + . .     Faith    .   (helmet restricted)
rPois    .         Spirit   .   (no amulet)
rElec    .         Reflect  .   a - ring of positive energy
rCorr    .         Harm     .   g - -4 ring of dexterity (curse)
MR       .....                  (no ring)
Stlth    +++.......             (no ring)
HPRegen  0.13/turn              (no ring)
MPRegen  0.13/turn              (no ring)
                                (no ring)
                                (no ring)

@: very slightly contaminated
A: almost no armour, stealthy swim, amphibious, 8 rings, constrict 8, camouflage
1, gelatinous body 1
a: no special abilities


You were on level 4 of the Dungeon.
You were not hungry.

You visited 1 branch of the dungeon, and saw 4 of its levels.

You collected 99 gold pieces.

Inventory:

Hand Weapons
 b - a +1 dagger (weapon)
   (You took it off a goblin on level 1 of the Dungeon)
Armour
 i - a +0 buckler
   (You found it on level 3 of the Dungeon)
Magical Staves
 k - an uncursed staff of earth
   (You found it on level 4 of the Dungeon)
Jewellery
 a - a ring of positive energy (left tentacle)
   (You found it on level 1 of the Dungeon)
 g - a cursed -4 ring of dexterity (right tentacle)
   (You found it on level 4 of the Dungeon)
Scrolls
 l - a scroll of enchant weapon
Potions
 c - a potion of cancellation {unknown}
 d - 3 potions of haste
 f - a potion of brilliance {unknown}
 h - a potion of degeneration {unknown}
Comestibles
 e - 7 rations
 j - 5 chunks of flesh


   Skills:
 + Level 2.4 Fighting
 - Level 2.0 Dodging
 - Level 2.6 Stealth
 * Level 1.7 Shields
 * Level 4.0 Spellcasting
 + Level 0.7 Conjurations
 + Level 0.9 Summonings
 * Level 5.6 Ice Magic


You had one spell level left.
You knew the following spells:

 Your Spells              Type           Power        Failure   Level  Hunger
a - Freeze                Ice            ####         1%          1    None
b - Frozen Ramparts       Ice            ####..       4%          3    ###....
c - Hailstorm             Conj/Ice       ###.....     36%         4    ####...
d - Summon Ice Beast      Ice/Summ       ###.....     34%         4    ####...

Your spell library contained the following spells:

 Spells                   Type           Power        Failure   Level  Hunger
 Ozocubu's Armour         Chrm/Ice       ##......     13%         3    ###....


Dungeon Overview and Level Annotations

Branches:
Dungeon (4/15)
 Temple: D:4-7

Altars:
Yredelemnul


Innate Abilities, Weirdness & Mutations

You cannot wear most types of armour.
You are very stealthy in the water. (Stealth+)
You are amphibious.
You can wear up to eight rings at the same time.
You can use your tentacles to constrict eight enemies at once.
Your skin changes colour to match your surroundings (Stealth+).
Your rubbery body absorbs attacks. (AC +1, EV +1)


Message History

The phantom blinks!
You are too injured to fight recklessly!
What are your orders? t - Shout!
Orders for allies: a - Attack new target. r - Retreat! s - Stop attacking. g - Guard the area. f - Follow me.
Anything else - Cancel.
Gang up on whom?
Aim: a phantom (lightly damaged) Attack!
The phantom hits your ice beast.
Your ice beast misses the phantom.
The phantom closely misses your ice beast.
Your ice beast hits the phantom.
Your ice beast freezes the phantom.
The phantom resists.
The phantom hits your ice beast.
The phantom blinks!
Your ice beast closely misses the phantom.
You hit the phantom. The phantom hits you.
* * * LOW HITPOINT WARNING * * *
Your ice beast hits the phantom but does no damage.
Unknown command.
You hit the phantom. Your squeeze misses the phantom. The phantom hits you!
* * * LOW HITPOINT WARNING * * *
Your ice beast hits the phantom.
Your ice beast freezes the phantom.
The phantom completely resists.
Unknown command.
The phantom blinks!
Your ice beast hits the phantom but does no damage.
You see here a jackal corpse.
You butcher the jackal corpse.
The phantom hits your ice beast.
Your ice beast completely misses the phantom.
Things that are here:
2 chunks of flesh; a jackal skeleton
j - 6 chunks of flesh (gained 2)
Your ice beast hits the phantom.
Your ice beast freezes the phantom.
The phantom completely resists.
Eat one of 6 chunks of flesh? (ye/n/q)
You eat one of the 6 chunks of flesh.
Your ice beast closely misses the phantom.
The phantom blinks!
Your ice beast closely misses the phantom.
The spell is extremely dangerous to cast (34% risk of failure)!
Continue anyway?
A chill wind blows around you.
Your ice beast hits the phantom but does no damage.
Your ice beast hits the phantom but does no damage.
Your ice beast disappears in a puff of smoke!
Your ice beast misses the phantom.
You closely miss the phantom. Your squeeze misses the phantom.
Your ice beast misses the phantom.
The phantom hits you!
You die...

....#.## #...# . ......#
###...### ..##.# #.....).#
#.##.# #.#...#.#
###.##.#######[#..รท#)#
#..............#...#.# #####
#.#.###.#####..#.Y#..####...#
#.#.# #..####..#W###.....>..#
....###.#.......@[#..####...#
######..##.##.##.#.### ##.##
##.#.##..#.##.### ####.####
#.##.......##...# #.......#
##.##.##.####...# #.#####.#
##.#.#.## #...# # #.#
#......# ###.### # #.#
#.##.#.# #.....# #. #.#
#.##.#.# #.....# #.#####.###


You could see a phantom and a friendly ice beast (summoned).

Vanquished Creatures
  A sky beast (D:2)
  A bullfrog skeleton (D:4)
  2 orc wizards
  A worker ant (D:4)
  5 gnolls
  5 adders
  3 oozes
  4 worms
  2 dart slugs
  3 leopard geckos
  7 orcs
  6 bats
  3 giant cockroaches (D:1)
  9 hobgoblins
  2 jackals (D:4)
  A quokka (D:2)
  A ball python (D:1)
  6 frilled lizards
  9 goblins
  6 kobolds
  6 rats
83 creatures vanquished.

Notes
Turn   | Place    | Note
-------+----------+-------------------------------------------
     0 | D:1      | vurker the Octopode Ice Elementalist began the quest for
                  | the Orb.
     0 | D:1      | Reached XP level 1. HP: 11/11 MP: 3/3
    88 | D:1      | Reached XP level 2. HP: 18/18 MP: 0/5
   502 | D:1      | Reached XP level 3. HP: 22/22 MP: 4/6
   626 | D:1      | Reached skill level 1 in Fighting
   957 | D:1      | Learned a level 3 spell: Frozen Ramparts
  1293 | D:2      | Reached XP level 4. HP: 24/28 MP: 4/8
  1587 | D:2      | Noticed a sky beast
  1605 | D:2      | Killed a sky beast
  1605 | D:2      | Reached skill level 5 in Ice Magic
  1605 | D:2      | Reached XP level 5. HP: 11/34 MP: 2/10
  1812 | D:2      | You fall into a shaft and drop 1 floor!
  2264 | D:2      | Reached XP level 6. HP: 39/39 MP: 6/11
  2337 | D:2      | Learned a level 4 spell: Hailstorm
  2342 | D:2      | Learned a level 4 spell: Summon Ice Beast
  2622 | D:2      | Found a basalt altar of Yredelemnul.
  3387 | D:4      | Reached skill level 1 in Shields
  3615 | D:4      | Noticed a phantom
  4342 | D:4      | Slain by a phantom

Illustrated notes

Levels and vault maps discovered:
D:1:      psy_arrival_conway, layout_loops_cross
D:2:      layout_basic, lemuel_coloured_pillars_altar
D:3:      layout_basic
D:4:      layout_loops_cross

Skill      XL: |  1  2  3  4  5  6 |
---------------+-------------------+-----
Fighting       | 1 2 |  2.4
Spellcasting   | 3 4 |  4.0
Ice Magic      | 5 |  5.6
Shields        | 1 |  1.7
Dodging        | |  2.0
Stealth        | |  2.6
Conjurations   | |  0.7
Summonings     | |  0.9

Action                   |  1- 3 |  4- 6 || total
-------------------------+-------+-------++-------
Melee: Unarmed           |     8 |       ||     8
       Tentacles         |    10 |     8 ||    18
       Constrict         |    13 |     9 ||    22
       Dagger            |    42 |    53 ||    95
 Cast: Freeze            |    21 |    41 ||    62
       Frozen Ramparts   |       |    19 ||    19
       Summon Ice Beast  |       |     2 ||     2
  Use: Scroll            |     2 |     3 ||     5
 Stab: Sleeping          |     5 |     4 ||     9
  Eat: Chunk             |     1 |    12 ||    13
Armor: Skin              |     3 |     3 ||     6
Dodge: Dodged            |    33 |    48 ||    81
